[Event "Skalica SCHAEFFLER Open 2019"]
[Site "Skalica"]
[Date "2019.08.30"]
[Round "8.3"]
[White "Hrdlicka, Martin"]
[Black "Londin, Martin"]
[Result "1-0"]
[ECO "B00"]
[WhiteElo "1661"]
[BlackElo "1466"]
[Annotator "NA RC"]
[PlyCount "47"]
[EventDate "2019.08.25"]
[EventType "swiss"]
[EventCountry "SVK"]
[TimeControl "40/5400+30:1800+30"]

1. e4 b6 2. d4 Bb7 3. Bd3 e6 4. c3 d5 5. e5 c5 6. Nf3 Nc6 7. a3 f6 8. Qe2 c4 9. Bc2 Qc8 10. O-O fxe5 11. Nxe5 Nf6 12. Bg5 Nxe5 13. Bxf6 Ng6 14. Bg5 Bd6 15. Bf5 Qc7 16. Bxe6 Ne7 17. Re1 h6 18. Bh4 Bxh2+ 19. Kf1 Bd6 20. Qg4 g5 21. Qh5+ Kd8 22. Bxg5 Bc6 23. Bf6 Rh7 24. Qg6 1-0

[Event "Skalica SCHAEFFLER Open 2019"]
[Site "Skalica"]
[Date "2019.08.30"]
[Round "8.4"]
[White "Vozarova, Adriana"]
[Black "Novomeska, Karin"]
[Result "1-0"]
[ECO "B19"]
[WhiteElo "1647"]
[BlackElo "1269"]
[Annotator "NA"]
[PlyCount "24"]
[EventDate "2019.08.25"]
[EventType "swiss"]
[EventCountry "SVK"]
[SourceTitle "playchess.com"]
[Source "ChessBase"]
[SourceQuality "1"]
[TimeControl "40/5400+30:1800+30"]

1. e4 c6 2. d4 d5 3. Nc3 dxe4 4. Nxe4 Bf5 5. Ng3 Bg6 6. Nf3 Nf6 7. h4 h6 8. Be3 e6 9. Bd3 Bxd3 10. Qxd3 Bd6 11. O-O-O Nbd7 12. Nd2 Rf8 1-0

[Event "Skalica SCHAEFFLER Open 2019"]
[Site "Skalica"]
[Date "2019.08.30"]
[Round "8.5"]
[White "Vach, Jozef"]
[Black "Palka, Miroslav"]
[Result "0-1"]
[ECO "D02"]
[WhiteElo "1722"]
[BlackElo "1869"]
[Annotator "NA RC"]
[PlyCount "116"]
[EventDate "2019.08.25"]
[EventType "swiss"]
[EventCountry "SVK"]
[TimeControl "40/5400+30:1800+30"]

1. d4 d5 2. Nf3 Nf6 3. b3 g6 4. Bb2 Bg7 5. Nbd2 O-O 6. g3 Bf5 7. Bg2 Qc8 8. O-O Bh3 9. Ne5 Bxg2 10. Kxg2 Nbd7 11. Ndf3 c5 12. e3 Rd8 13. Qd3 b6 14. Rad1 e6 15. c4 Ne4 16. cxd5 exd5 17. Nxd7 Qxd7 18. Ne5 Qe6 19. f3 Ng5 20. Ng4 h5 21. h4 hxg4 22. hxg5 gxf3+ 23. Kxf3 Rac8 24. Qb1 Re8 25. Rfe1 c4 26. Re2 Qe7 27. e4 Qxg5 28. e5 b5 29. Rh1 f5 30. Rh4 Kf7 31. Bc1 Qd8 32. Reh2 Qb6 33. Be3 Rh8 34. Qh1 Rxh4 35. Rxh4 c3 36. Rh7 Rg8 37. Ke2 b4 38. Qxd5+ Qe6 39. Qc4 Qxc4+ 40. bxc4 Rh8 41. Rxh8 Bxh8 42. Bf4 Bg7 43. Kd3 Bf8 44. Kc2 Be7 45. Kb3 g5 46. Be3 Ke6 47. c5 a5 48. Kc4 Bd8 49. a3 bxa3 50. Kb3 Kd5 51. Kxc3 Ke4 52. Bc1 f4 53. Kd2 fxg3 54. Ke2 Kxd4 55. Kf3 g2 56. Kxg2 a2 57. Bb2+ Kxc5 58. Kf3 Kd5 0-1

[Event "Skalica SCHAEFFLER Open 2019"]
[Site "Skalica"]
[Date "2019.08.30"]
[Round "8.8"]
[White "Visvader, Kristof"]
[Black "Benci, Rudolf"]
[Result "0-1"]
[ECO "B56"]
[WhiteElo "1389"]
[BlackElo "1635"]
[Annotator "NA RC"]
[PlyCount "162"]
[EventDate "2019.08.25"]
[EventType "swiss"]
[EventCountry "SVK"]
[TimeControl "40/5400+30:1800+30"]

1. e4 c5 2. Nf3 d6 3. d4 cxd4 4. Nxd4 Nf6 5. Nc3 Nc6 6. Be3 e5 7. Nb3 a6 8. f3 b5 9. Nd5 Nxd5 10. Qxd5 Bb7 11. Qd2 Be7 12. g4 Bh4+ 13. Bf2 Bg5 14. Be3 Bxe3 15. Qxe3 Qh4+ 16. Qf2 Qxf2+ 17. Kxf2 Rc8 18. Rc1 Ke7 19. Be2 Rc7 20. c4 bxc4 21. Rxc4 Rhc8 22. Rhc1 Kd7 23. h4 Ne7 24. Rxc7+ Rxc7 25. Rxc7+ Kxc7 26. a3 Kb6 27. Ke3 d5 28. Kd3 d4 29. Kd2 Ng6 30. h5 Nf4 31. Nc1 f6 32. Nd3 Ng2 33. Ne1 Ne3 34. Nc2 Ng2 35. Ne1 Nf4 36. Nd3 Ne6 37. Kc2 a5 38. b3 Nc5 39. Nxc5 Kxc5 40. Bd3 Bc6 41. Kd2 Bd7 42. Kc2 Be6 43. Kb2 Bf7 44. Kc2 h6 45. Kb2 g6 46. hxg6 Bxg6 47. Kc2 h5 48. gxh5 Bxh5 49. Be2 f5 50. Kd3 Bg6 51. Bd1 f4 52. Bc2 Be8 53. Bd1 Bb5+ 54. Kd2 Kd6 55. Be2 Bc6 56. Bd1 Ke6 57. Be2 Kf6 58. Kd3 Bb5+ 59. Kd2 Be8 60. Kd3 Bf7 61. Kc2 Kg5 62. Bd1 Kh4 63. Be2 Kg3 64. b4 axb4 65. axb4 Kf2 66. Kd2 Be8 67. b5 d3 68. Bxd3 Kxf3 69. b6 Bc6 70. Ba6 Kxe4 71. b7 Bxb7 72. Bxb7+ Kd4 73. Ke2 e4 74. Bxe4 Kxe4 75. Kf2 f3 76. Kf1 Ke3 77. Ke1 Ke4 78. Kf2 Kf4 79. Kf1 Kg4 80. Kf2 Kf4 81. Kf1 Kg3 0-1

[Event "Skalica SCHAEFFLER Open 2019"]
[Site "Skalica"]
[Date "2019.08.30"]
[Round "8.8"]
[White "Visvader, Kristof"]
[Black "Benci, Rudolf"]
[Result "*"]
[ECO "B56"]
[WhiteElo "1389"]
[BlackElo "1635"]
[Annotator "NA"]
[PlyCount "23"]
[EventDate "2019.08.25"]
[EventType "swiss"]
[EventCountry "SVK"]
[SourceTitle "playchess.com"]
[Source "ChessBase"]
[SourceQuality "1"]
[TimeControl "40/5400+30:1800+30"]

1. e4 c5 2. Nf3 d6 3. d4 cxd4 4. Nxd4 Nf6 5. Nc3 Nc6 6. Be3 e5 7. Nb3 a6 8. f3 Nd5 9. Qxd5 b5 10. Qd2 Bb7 11. g4 Be7 12. h4 *

[Event "Skalica SCHAEFFLER Open 2019"]
[Site "Skalica"]
[Date "2019.08.30"]
[Round "8.9"]
[White "Drabek, Martin"]
[Black "Bartos, Bohumil"]
[Result "1/2-1/2"]
[ECO "B13"]
[WhiteElo "1381"]
[BlackElo "1548"]
[Annotator "NA"]
[PlyCount "28"]
[EventDate "2019.08.25"]
[EventType "swiss"]
[EventCountry "SVK"]
[SourceTitle "playchess.com"]
[Source "ChessBase"]
[SourceQuality "1"]
[TimeControl "40/5400+30:1800+30"]

1. e4 c6 2. Nf3 d5 3. exd5 cxd5 4. d4 Bf5 5. Nc3 Nf6 6. Bf4 e6 7. a3 Bd6 8. Bxd6 Qxd6 9. Rc1 a6 10. Bd3 Bg6 11. h3 Nc6 12. O-O Bh5 13. Be2 Bxf3 14. Bxf3 b5 1/2-1/2

[Event "Skalica SCHAEFFLER Open 2019"]
[Site "Skalica"]
[Date "2019.08.31"]
[Round "9.1"]
[White "Hrdlicka, Martin"]
[Black "Fizerova, Lucie"]
[Result "1-0"]
[ECO "C42"]
[WhiteElo "1661"]
[BlackElo "1563"]
[Annotator "NA"]
[PlyCount "71"]
[EventDate "2019.08.25"]
[EventType "swiss"]
[EventCountry "SVK"]
[SourceTitle "playchess.com"]
[Source "ChessBase"]
[SourceQuality "1"]
[TimeControl "40/5400+30:1800+30"]

1. e4 e5 2. Nf3 Nf6 3. Nc3 Bb4 4. d3 d5 5. exd5 Nxd5 6. Bd2 Nxc3 7. bxc3 Bd6 8. Be2 O-O 9. O-O Nc6 10. d4 h6 11. d5 Ne7 12. c4 Ng6 13. Be3 e4 14. Nd2 Qh4 15. g3 Qe7 16. Re1 f5 17. Rb1 f4 18. Bd4 Bh3 19. Bg4 fxg3 20. hxg3 Bxg4 21. Qxg4 e3 22. Qxg6 exf2+ 23. Bxf2 Rf6 24. Rxe7 Rxg6 25. Re3 b6 26. Rbe1 Bc5 27. Rf3 Bxf2+ 28. Kxf2 Rf8 29. Rxf8+ Kxf8 30. Re4 Rf6+ 31. Rf4 Rxf4+ 32. gxf4 Ke7 33. Kg3 Kf6 34. c5 bxc5 35. Ne4+ Kf5 36. Nxc5 1-0

[Event "Skalica SCHAEFFLER Open 2019"]
[Site "Skalica"]
[Date "2019.08.31"]
[Round "9.2"]
[White "Polozov Yaroslavl"]
[Black "Vozarova, Adriana"]
[Result "0-1"]
[ECO "A85"]
[WhiteElo "1000"]
[BlackElo "1647"]
[Annotator "NA"]
[PlyCount "29"]
[EventDate "2019.08.25"]
[EventType "swiss"]
[EventCountry "SVK"]
[SourceTitle "playchess.com"]
[Source "ChessBase"]
[SourceQuality "1"]
[TimeControl "40/5400+30:1800+30"]

1. d4 f5 2. c4 Nf6 3. Nc3 e6 4. Nf3 Be7 5. Bg5 O-O 6. e3 h6 7. Bh4 d6 8. h3 Nbd7 9. Bd3 b6 10. Qc2 Bb7 11. Rg1 c5 12. O-O-O a6 13. Be2 d5 14. Bg3 g5 15. h4 0-1

[Event "Skalica SCHAEFFLER Open 2019"]
[Site "Skalica"]
[Date "2019.08.31"]
[Round "9.3"]
[White "Romanova, Ela"]
[Black "Londin, Lukas Vojtech"]
[Result "0-1"]
[ECO "B00"]
[WhiteElo "1337"]
[BlackElo "1415"]
[Annotator "NA"]
[PlyCount "20"]
[EventDate "2019.08.25"]
[EventType "swiss"]
[EventCountry "SVK"]
[SourceTitle "playchess.com"]
[Source "ChessBase"]
[SourceQuality "1"]
[TimeControl "40/5400+30:1800+30"]

1. e4 b6 2. d4 Bb7 3. Bd3 e6 4. Nc3 Nf6 5. Nf3 c5 6. Bd2 c4 7. Bxc4 Nxe4 8. Qe2 Nxd2 9. Qxd2 Bd6 10. h3 O-O 0-1

[Event "Skalica SCHAEFFLER Open 2019"]
[Site "Skalica"]
[Date "2019.08.31"]
[Round "9.4"]
[White "Benci, Rudolf"]
[Black "Krakovsky Peter"]
[Result "1-0"]
[ECO "D02"]
[WhiteElo "1635"]
[BlackElo "1000"]
[Annotator "NA"]
[PlyCount "47"]
[EventDate "2019.08.25"]
[EventType "swiss"]
[EventCountry "SVK"]
[SourceTitle "playchess.com"]
[Source "ChessBase"]
[SourceQuality "1"]
[TimeControl "40/5400+30:1800+30"]

1. d4 Nf6 2. Bf4 d5 3. e3 e6 4. c3 c5 5. Nd2 Bd7 6. Bd3 Be7 7. Ngf3 Nc6 8. Ne5 O-O 9. h4 c4 10. Bc2 Be8 11. g4 Nxe5 12. dxe5 Nd7 13. g5 f5 14. gxf6 gxf6 15. Bh6 Nxe5 16. Rg1+ Kh8 17. Bg7+ Kg8 18. Bxf8+ Kxf8 19. Bxh7 Bf7 20. Nf3 Bh5 21. Rg8+ Kf7 22. Nxe5+ fxe5 23. Qxh5+ Kf6 24. Qg6# 1-0

[Event "Skalica SCHAEFFLER Open 2019"]
[Site "Skalica"]
[Date "2019.08.31"]
[Round "9.5"]
[White "Podskubka, Ondrej"]
[Black "Vach, Jozef"]
[Result "1-0"]
[ECO "D02"]
[WhiteElo "1684"]
[BlackElo "1722"]
[Annotator "NA"]
[PlyCount "45"]
[EventDate "2019.08.25"]
[EventType "swiss"]
[EventCountry "SVK"]
[SourceTitle "playchess.com"]
[Source "ChessBase"]
[SourceQuality "1"]
[TimeControl "40/5400+30:1800+30"]

1. d4 d5 2. Bf4 c6 3. Nf3 Nf6 4. e3 g6 5. h3 Bg7 6. Bd3 O-O 7. c3 Nbd7 8. Nbd2 Qb6 9. Qc2 c5 10. O-O c4 11. Be2 Qc6 12. Rfe1 b5 13. Bf1 Ne4 14. Nxe4 dxe4 15. Nd2 f5 16. a4 Nf6 17. axb5 Qxb5 18. Bxc4+ Qxc4 19. Nxc4 Bd7 20. Ne5 Be6 21. Ra6 Bd5 22. Rea1 e6 23. c4 1-0

[Event "Skalica SCHAEFFLER Open 2019"]
[Site "Skalica"]
[Date "2019.08.31"]
[Round "9.6"]
[White "Londin, Martin"]
[Black "Vlcek, Antonin"]
[Result "0-1"]
[ECO "C50"]
[WhiteElo "1930"]
[BlackElo "1686"]
[Annotator "NA"]
[PlyCount "31"]
[EventDate "2019.08.25"]
[EventType "swiss"]
[EventCountry "SVK"]
[SourceTitle "playchess.com"]
[Source "ChessBase"]
[SourceQuality "1"]
[TimeControl "40/5400+30:1800+30"]

1. e4 e5 2. Nf3 Nc6 3. d4 exd4 4. Bc4 Be7 5. c3 Na5 6. Qxd4 Nxc4 7. Qxc4 Nf6 8. e5 d5 9. Qb5+ c6 10. Qe2 Ne4 11. Nbd2 Bf5 12. Nd4 Bg6 13. f3 Bh4+ 14. g3 Bxg3+ 15. Kd1 Nf2+ 16. Ke1 0-1

[Event "Skalica SCHAEFFLER Open 2019"]
[Site "Skalica"]
[Date "2019.08.31"]
[Round "9.7"]
[White "Bartos, Bohumil"]
[Black "Gres, Michal"]
[Result "1-0"]
[ECO "D10"]
[WhiteElo "1548"]
[BlackElo "1410"]
[Annotator "NA"]
[PlyCount "49"]
[EventDate "2019.08.25"]
[EventType "swiss"]
[EventCountry "SVK"]
[SourceTitle "playchess.com"]
[Source "ChessBase"]
[SourceQuality "1"]
[TimeControl "40/5400+30:1800+30"]

1. d4 d5 2. Bf4 Nf6 3. e3 Bf5 4. c4 c6 5. Nf3 Nbd7 6. Qb3 b6 7. Nc3 e6 8. Rc1 Rc8 9. cxd5 cxd5 10. Ba6 Rc6 11. Qa4 Qa8 12. Bb5 Rc8 13. Ne5 Rd8 14. Bg5 Qb7 15. Bxf6 gxf6 16. Nxd7 Rxd7 17. O-O Rg8 18. Bxd7+ Qxd7 19. Qxd7+ Kxd7 20. Ne2 Bd3 21. Rfe1 Bb4 22. Nc3 Be4 23. Nxe4 dxe4 24. Red1 Kd6 25. a3 1-0

[Event "Skalica SCHAEFFLER Open 2019"]
[Site "Skalica"]
[Date "2019.08.31"]
[Round "9.8"]
[White "Novomeska, Karin"]
[Black "Delgerdalai, Bayarjavkhlan"]
[Result "1/2-1/2"]
[ECO "D35"]
[WhiteElo "1269"]
[BlackElo "1460"]
[Annotator "NA"]
[PlyCount "35"]
[EventDate "2019.08.25"]
[EventType "swiss"]
[EventCountry "SVK"]
[SourceTitle "playchess.com"]
[Source "ChessBase"]
[SourceQuality "1"]
[TimeControl "40/5400+30:1800+30"]

1. d4 d5 2. c4 c6 3. Nc3 Nf6 4. Nf3 Bf5 5. Bg5 e6 6. e3 Nbd7 7. cxd5 exd5 8. Be2 Be7 9. O-O O-O 10. Qb3 Qb6 11. Qxb6 Nxb6 12. Rac1 h6 13. Bxf6 Bxf6 14. Rfd1 Rfe8 15. Bd3 Bxd3 16. Rxd3 Nc4 17. Rc2 Nb6 18. Nd2 1/2-1/2

[Event "Skalica SCHAEFFLER Open 2019"]
[Site "Skalica"]
[Date "2019.08.31"]
[Round "9.9"]
[White "Kozusnik, Roman"]
[Black "Visvader, Kristof"]
[Result "1/2-1/2"]
[ECO "D46"]
[WhiteElo "1231"]
[BlackElo "1389"]
[Annotator "NA"]
[PlyCount "74"]
[EventDate "2019.08.25"]
[EventType "swiss"]
[EventCountry "SVK"]
[SourceTitle "playchess.com"]
[Source "ChessBase"]
[SourceQuality "1"]
[TimeControl "40/5400+30:1800+30"]

1. d4 d5 2. c4 e6 3. e3 Nf6 4. Nc3 c6 5. Bd3 Nbd7 6. Nf3 Bb4 7. Bd2 Bxc3 8. Bxc3 dxc4 9. Bxc4 Nb6 10. b3 Nfd5 11. Bd2 Qf6 12. O-O h6 13. Qc1 g5 14. Re1 Bd7 15. e4 Ne7 16. Bc3 Qf4 17. Bd2 Qf6 18. Bd3 g4 19. Ne5 h5 20. Re3 Ng6 21. Nxg6 fxg6 22. Qc5 Rf8 23. Rf1 Qe7 24. e5 Rg8 25. Qxe7+ Kxe7 26. Bb4+ Ke8 27. Re4 Nd5 28. Bd2 Ne7 29. f3 gxf3 30. Rxf3 Rf8 31. Rxf8+ Kxf8 32. Bb4 a5 33. Rf4+ Ke8 34. Bxe7 Kxe7 35. Bxg6 Be8 36. Bd3 Rd8 37. Bb1 Rd5 1/2-1/2

[Event "Skalica SCHAEFFLER Open 2019"]
[Site "Skalica"]
[Date "2019.08.31"]
[Round "9.10"]
[White "Tutkova, Ludmila"]
[Black "Drabek, Martin"]
[Result "1/2-1/2"]
[ECO "C50"]
[WhiteElo "1085"]
[BlackElo "1381"]
[Annotator "NA"]
[PlyCount "98"]
[EventDate "2019.08.25"]
[EventType "swiss"]
[EventCountry "SVK"]
[SourceTitle "playchess.com"]
[Source "ChessBase"]
[SourceQuality "1"]
[TimeControl "40/5400+30:1800+30"]

1. e4 e5 2. Nf3 Nc6 3. Bc4 Bc5 4. O-O Nf6 5. Re1 h6 6. c3 d6 7. h3 Be6 8. Bxe6 fxe6 9. d4 exd4 10. Nxd4 Nxd4 11. cxd4 Bb6 12. Nc3 a6 13. Be3 O-O 14. e5 Nd5 15. Nxd5 exd5 16. Qg4 Kh8 17. e6 Qf6 18. e7 Qxe7 19. Bxh6 Qf7 20. Be3 Rae8 21. Rad1 Re4 22. Qg3 Qf6 23. b3 Bxd4 24. Bxd4 Rxd4 25. Rxd4 Qxd4 26. Re7 Qf6 27. Rxc7 Rf7 28. Rxf7 Qxf7 29. Qxd6 Kh7 30. a4 Qf5 31. Qb6 Qd7 32. Qd4 Qc6 33. f4 Kg8 34. f5 b6 35. Qe5 Qc5+ 36. Kh2 d4 37. Qe8+ Kh7 38. f6 Qd6+ 39. Kh1 Qxf6 40. Qe4+ Kh6 41. Qd3 a5 42. b4 Qe5 43. bxa5 bxa5 44. Qd2+ Kh7 45. Qc2+ Kg8 46. Qc4+ Kf8 47. Qc8+ Kf7 48. Qb7+ Kf6 49. Qf3+ Ke6 1/2-1/2